Bravo used this build in the Team Gravity's Fight Night #36 where he faced DRG in a bo7. He used it in game 1 on Terraform. It is a hellbat/liberator timing push with a small scv pull. It hits before the 5 min mark.
14 | 0:18 | Supply Depot | |
15 | 0:41 | Barracks | |
16 | 0:45 | Refinery | |
19 | 1:30 | Orbital Command, Reaper | |
20 | 1:40 | Command Center | |
20 | 1:47 | Refinery | |
21 | 1:57 | Supply Depot | |
21 | 2:03 | Barracks Reactor | |
22 | 2:23 | Factory | |
24 | 2:40 | Marine x2 | |
27 | 2:55 | Orbital Command | |
28 | 3:09 | Starport | |
28 | 3:15 | Hellion x2 | |
33 | 3:20 | Supply Depot | |
33 | 3:21 | Barracks Tech Lab | |
35 | 3:30 | Liberator | |
35 | 3:37 | Hellion x2 | |
41 | 3:50 | Armory | |
46 | 4:01 | Hellion x2 | |
54 | 4:22 | Hellion | |
54 | 4:23 | Supply Depot, Hellion | |
54 | 4:28 | Liberator | |
60 | 4:42 | Command Center | |
60 | 4:45 | SCV | |
64 | 4:52 | Hellion x2 | |
65 | 5:09 | Marauder | |
63 | 5:18 | Hellion | |
67 | 5:36 | Marauder | |
69 | 5:52 | Hellion | |
69 | 5:55 | Hellion | |
69 | 6:05 | Marauder, SCV | |
69 | 6:06 | Barracks | |
69 | 6:07 | SCV | |
69 | 6:08 | Barracks |
Pretty straight forward, use your reaper to scout and identity potential aggression. The 2 marines are great to deny scout. Be incisive with your push, your liberator can deny the larva and the mining of a single base by himself, use the hellbats and the scv to protect it.